[ AOE2 MATCH · #506291720 ]
UnrankedSicilians vs Franks
Player's team · LOSS
Rival team · WIN
[ REPLAY ANALYSIS · EXTRACTED FROM THE RECORDED GAME ]
Feudal
11:14
Castle
21:30
Imperial
—
| APM avg | 44.0 |
| APM peak | 90 |
| eAPM avg | 22.9 |
| Villagers / military | 82 / 170 |
Focus
⚔️ 49.7% · 🌾 50.3%
Spearman ×107 · Archer ×54 · Monk ×4 · Militia ×3 · Mangonel ×2
Feudal
9:27
Castle
20:50
Imperial
36:28
| APM avg | 55.2 |
| APM peak | 97 |
| eAPM avg | 28.1 |
| Villagers / military | 135 / 97 |
Focus
⚔️ 34.0% · 🌾 66.0%
Knight ×73 · Scorpion ×7 · Skirmisher ×7 · Scout Cavalry ×4 · Mangonel ×2 · Trebuchet (Packed) ×2
Match map
Initial resources + every placement click. Lines = walls · curves = elevation contours. ◆ gold · ⬟ stone · ● berries · ✦ relic · ◌ wall gap
Your base· ✓ Closed at 21:30 · 20t walls · 1 gate(s)
INK | Moqui's base· ✓ Closed at 20:50 · 49t walls · 2 gate(s)
Smoothed initial terrain · ◌ = detected wall gap · hover for details
Inputs per minute
— Harzah - - INK | Moqui
Build order — Harzah
First 150 of 409 actions detected
| 0:01 | Create | Villager (Male) |
| 0:01 | Create | Villager (Male) |
| 0:01 | Create | Villager (Male) |
| 0:02 | Build | House |
| 0:05 | Build | House |
| 0:23 | Create | Villager (Male) |
| 1:33 | Create | Villager (Male) |
| 1:51 | Build | Lumber Camp |
| 1:55 | Create | Villager (Male) |
| 2:28 | Create | Villager (Male) |
| 2:48 | Create | Villager (Male) |
| 3:19 | Create | Villager (Male) |
| 3:37 | Build | House |
| 3:57 | Create | Villager (Male) |
| 4:23 | Create | Villager (Male) |
| 4:23 | Create | Villager (Male) |
| 4:53 | Build | Barracks |
| 5:06 | Create | Villager (Male) |
| 5:40 | Create | Villager (Male) |
| 6:07 | Build | Mill |
| 6:09 | Create | Militia |
| 6:11 | Create | Villager (Male) |
| 6:35 | Create | Militia |
| 6:37 | Create | Villager (Male) |
| 6:42 | Build | House |
| 6:47 | Research | Loom |
| 7:05 | Build | House |
| 7:08 | Build | Palisade Wall |
| 7:27 | Create | Villager (Male) |
| 7:55 | Create | Villager (Male) |
| 8:09 | Create | Militia |
| 8:28 | Create | Villager (Male) |
| 8:48 | Build | Mill |
| 8:57 | Build | Palisade Wall |
| 9:04 | Research | Feudal Age |
| 9:05 | Research | Feudal Age |
| 9:28 | Build | Palisade Wall |
| 9:33 | Build | House |
| 10:26 | Create | Villager (Male) |
| 10:37 | Build | Palisade Gate |
| 11:11 | Build | House |
| 11:14 | Age | Feudal Age |
| 11:16 | Research | Double-Bit Axe |
| 11:36 | Build | Archery Range |
| 11:54 | Create | Spearman |
| 11:56 | Create | Villager (Male) |
| 12:24 | Build | Mining Camp |
| 12:28 | Create | Villager (Male) |
| 12:53 | Build | Lumber Camp |
| 12:55 | Create | Villager (Male) |
| 13:03 | Build | Farm |
| 13:10 | Create | Spearman |
| 13:18 | Create | Archer |
| 13:19 | Create | Archer |
| 13:26 | Create | Spearman |
| 13:40 | Build | House |
| 13:43 | Build | House |
| 13:58 | Create | Archer |
| 13:59 | Create | Villager (Male) |
| 14:06 | Build | Farm |
| 14:07 | Build | Farm |
| 14:09 | Create | Villager (Male) |
| 14:23 | Create | Archer |
| 14:31 | Build | Farm |
| 14:37 | Build | Farm |
| 14:41 | Build | House |
| 14:45 | Create | Archer |
| 14:57 | Create | Villager (Male) |
| 14:57 | Create | Villager (Male) |
| 15:06 | Build | Farm |
| 15:29 | Build | Blacksmith |
| 15:32 | Create | Villager (Male) |
| 15:42 | Create | Archer |
| 15:52 | Build | Farm |
| 16:01 | Build | House |
| 16:12 | Build | House |
| 16:14 | Build | Palisade Wall |
| 16:20 | Research | Fletching |
| 16:21 | Create | Villager (Male) |
| 16:23 | Create | Archer |
| 16:32 | Build | Farm |
| 16:41 | Research | Wheelbarrow |
| 17:04 | Build | Farm |
| 18:05 | Create | Villager (Male) |
| 18:50 | Research | Castle Age |
| 18:54 | Build | Farm |
| 18:57 | Build | Archery Range |
| 19:35 | Research | Padded Archer Armor |
| 20:04 | Create | Archer |
| 20:04 | Create | Archer |
| 20:16 | Research | Gold Mining |
| 20:28 | Create | Archer |
| 20:28 | Create | Archer |
| 20:42 | Create | Archer |
| 20:42 | Create | Villager (Male) |
| 20:55 | Create | Archer |
| 20:55 | Create | Archer |
| 21:21 | Build | House |
| 21:22 | Build | House |
| 21:24 | Build | House |
| 21:25 | Build | House |
| 21:30 | Age | Castle Age |
| 21:31 | Create | Archer |
| 21:31 | Create | Archer |
| 21:34 | Research | Crossbowman (upgrade) |
| 21:36 | Research | Bodkin Arrow |
| 21:39 | Research | Bow Saw |
| 21:42 | Build | Town Center |
| 21:52 | Build | Town Center |
| 21:55 | Create | Archer |
| 21:55 | Create | Archer |
| 21:57 | Create | Villager (Male) |
| 22:35 | Create | Archer |
| 22:36 | Create | Archer |
| 22:43 | Create | Archer |
| 22:43 | Create | Archer |
| 22:59 | Research | Crossbowman (upgrade) |
| 22:59 | Research | Crossbowman (upgrade) |
| 23:04 | Create | Archer |
| 23:04 | Create | Archer |
| 23:17 | Create | Archer |
| 23:17 | Create | Archer |
| 23:21 | Create | Villager (Male) |
| 23:24 | Build | Farm |
| 23:25 | Build | Farm |
| 23:25 | Build | Farm |
| 23:25 | Build | Farm |
| 23:25 | Build | Farm |
| 23:37 | Create | Archer |
| 23:37 | Create | Archer |
| 23:57 | Create | Archer |
| 23:57 | Create | Archer |
| 24:24 | Build | Monastery |
| 24:26 | Build | Monastery |
| 24:27 | Create | Villager (Male) |
| 24:31 | Build | Siege Workshop |
| 24:33 | Build | Farm |
| 24:34 | Create | Villager (Male) |
| 24:42 | Create | Villager (Male) |
| 24:45 | Create | Archer |
| 24:45 | Create | Archer |
| 24:46 | Create | Villager (Male) |
| 24:46 | Create | Villager (Male) |
| 24:48 | Build | Farm |
| 24:49 | Build | Farm |
| 24:49 | Build | Farm |
| 25:08 | Create | Archer |
| 25:08 | Create | Archer |
| 25:14 | Create | Villager (Male) |
| 25:19 | Create | Archer |
Build order — INK | Moqui
First 150 of 403 actions detected
| 0:00 | Create | Villager (Male) |
| 0:01 | Create | Villager (Male) |
| 0:01 | Create | Villager (Male) |
| 0:02 | Build | House |
| 0:03 | Build | House |
| 0:17 | Create | Villager (Male) |
| 1:33 | Create | Villager (Male) |
| 1:50 | Build | Lumber Camp |
| 1:53 | Create | Villager (Male) |
| 1:53 | Create | Villager (Male) |
| 2:24 | Create | Villager (Male) |
| 2:24 | Create | Villager (Male) |
| 2:52 | Create | Villager (Male) |
| 2:53 | Create | Villager (Male) |
| 2:56 | Create | Villager (Male) |
| 2:56 | Create | Villager (Male) |
| 3:43 | Create | Villager (Male) |
| 3:44 | Create | Villager (Male) |
| 3:56 | Build | House |
| 4:13 | Create | Villager (Male) |
| 4:13 | Create | Villager (Male) |
| 4:14 | Create | Villager (Male) |
| 4:22 | Build | Mill |
| 4:36 | Create | Villager (Male) |
| 5:10 | Create | Villager (Male) |
| 5:10 | Create | Villager (Male) |
| 5:10 | Create | Villager (Male) |
| 6:05 | Create | Villager (Male) |
| 6:10 | Build | Palisade Wall |
| 6:11 | Build | Palisade Wall |
| 6:12 | Build | Palisade Wall |
| 6:18 | Build | Palisade Wall |
| 6:19 | Build | Palisade Wall |
| 6:27 | Create | Villager (Male) |
| 6:27 | Create | Villager (Male) |
| 6:45 | Create | Villager (Male) |
| 6:46 | Build | House |
| 6:50 | Research | Loom |
| 7:17 | Research | Feudal Age |
| 7:17 | Research | Feudal Age |
| 7:38 | Build | Barracks |
| 7:48 | Build | Barracks |
| 8:02 | Build | House |
| 8:05 | Build | Palisade Wall |
| 8:19 | Build | Palisade Wall |
| 8:24 | Build | House |
| 8:26 | Build | Palisade Wall |
| 8:41 | Create | Villager (Male) |
| 8:41 | Create | Villager (Male) |
| 8:41 | Create | Villager (Male) |
| 8:42 | Create | Villager (Male) |
| 8:56 | Create | Villager (Male) |
| 9:14 | Create | Villager (Male) |
| 9:22 | Create | Villager (Male) |
| 9:22 | Create | Villager (Male) |
| 9:27 | Age | Feudal Age |
| 9:31 | Create | Spearman |
| 9:51 | Build | Stable |
| 10:21 | Build | Palisade Wall |
| 10:22 | Build | Palisade Wall |
| 10:32 | Build | Palisade Gate |
| 10:34 | Build | House |
| 10:46 | Create | Scout Cavalry |
| 10:46 | Create | Scout Cavalry |
| 10:47 | Create | Scout Cavalry |
| 10:55 | Build | House |
| 10:56 | Build | Palisade Wall |
| 11:01 | Build | Farm |
| 11:05 | Build | Palisade Wall |
| 11:07 | Build | Palisade Wall |
| 11:09 | Create | Villager (Male) |
| 11:09 | Create | Villager (Male) |
| 11:09 | Create | Villager (Male) |
| 11:35 | Create | Villager (Male) |
| 11:47 | Build | Farm |
| 11:47 | Build | Farm |
| 11:47 | Build | Farm |
| 11:48 | Build | Farm |
| 11:48 | Build | Farm |
| 11:48 | Build | Farm |
| 11:49 | Build | Farm |
| 11:59 | Create | Scout Cavalry |
| 12:03 | Build | Farm |
| 12:13 | Build | House |
| 12:21 | Research | Double-Bit Axe |
| 12:22 | Research | Double-Bit Axe |
| 12:35 | Create | Villager (Male) |
| 12:41 | Build | Farm |
| 12:54 | Build | Farm |
| 12:55 | Create | Villager (Male) |
| 12:55 | Create | Villager (Male) |
| 13:05 | Build | Farm |
| 13:06 | Create | Villager (Male) |
| 13:16 | Create | Villager (Male) |
| 13:34 | Build | Farm |
| 13:46 | Build | Farm |
| 13:50 | Build | Farm |
| 14:03 | Create | Villager (Male) |
| 14:06 | Build | Farm |
| 14:09 | Build | Farm |
| 14:14 | Build | Farm |
| 14:29 | Create | Villager (Male) |
| 14:33 | Build | Farm |
| 14:35 | Create | Villager (Male) |
| 14:45 | Build | Archery Range |
| 14:52 | Build | Palisade Wall |
| 15:08 | Build | House |
| 15:09 | Build | Palisade Wall |
| 15:15 | Create | Villager (Male) |
| 15:29 | Create | Villager (Male) |
| 15:34 | Build | Mining Camp |
| 15:42 | Create | Skirmisher |
| 15:42 | Create | Skirmisher |
| 15:42 | Create | Skirmisher |
| 15:46 | Build | Palisade Gate |
| 15:52 | Build | Farm |
| 16:03 | Research | Wheelbarrow |
| 16:10 | Create | Skirmisher |
| 16:40 | Build | House |
| 16:45 | Build | Palisade Wall |
| 17:00 | Build | Farm |
| 17:14 | Build | Blacksmith |
| 17:24 | Create | Skirmisher |
| 17:34 | Create | Villager (Male) |
| 17:58 | Build | Palisade Wall |
| 18:10 | Research | Castle Age |
| 18:13 | Build | Farm |
| 18:24 | Build | Farm |
| 18:44 | Research | Fletching |
| 18:45 | Create | Skirmisher |
| 19:02 | Create | Skirmisher |
| 19:33 | Research | Scale Barding Armor |
| 19:47 | Create | Villager (Male) |
| 19:53 | Build | Stable |
| 20:12 | Research | Gold Mining |
| 20:36 | Research | Forging |
| 20:46 | Build | Lumber Camp |
| 20:50 | Age | Castle Age |
| 20:51 | Create | Villager (Male) |
| 20:54 | Create | Knight |
| 20:55 | Create | Knight |
| 20:55 | Create | Knight |
| 20:59 | Build | Farm |
| 21:01 | Create | Knight |
| 21:08 | Create | Villager (Male) |
| 21:47 | Build | Town Center |
| 21:54 | Create | Knight |
| 21:54 | Create | Knight |
| 22:04 | Build | Siege Workshop |
| 22:06 | Create | Villager (Male) |
Match timeline
| 4:53 | Harzah · first_building Barracks |
| 6:10 | INK | Moqui · wall_segment Palisade Wall x1 |
| 6:11 | INK | Moqui · wall_segment Palisade Wall x1 |
| 6:12 | INK | Moqui · wall_segment Palisade Wall x1 |
| 6:18 | INK | Moqui · wall_segment Palisade Wall x1 |
| 6:19 | INK | Moqui · wall_segment Palisade Wall x1 |
| 7:08 | Harzah · wall_segment Palisade Wall x5 |
| 7:38 | INK | Moqui · first_building Barracks |
| 8:05 | INK | Moqui · wall_segment Palisade Wall x4 |
| 8:19 | INK | Moqui · wall_segment Palisade Wall x8 |
| 8:26 | INK | Moqui · wall_segment Palisade Wall x6 |
| 8:57 | Harzah · wall_segment Palisade Wall x7 |
| 9:27 | INK | Moqui · age_up feudal |
| 9:28 | Harzah · wall_segment Palisade Wall x7 |
| 9:51 | INK | Moqui · first_building Stable |
| 10:21 | INK | Moqui · wall_segment Palisade Wall x1 |
| 10:22 | INK | Moqui · wall_segment Palisade Wall x1 |
| 10:56 | INK | Moqui · wall_segment Palisade Wall x4 |
| 11:05 | INK | Moqui · wall_segment Palisade Wall x1 |
| 11:07 | INK | Moqui · wall_segment Palisade Wall x1 |
| 11:14 | Harzah · age_up feudal |
| 11:36 | Harzah · first_building Archery Range |
| 14:45 | INK | Moqui · first_building Archery Range |
| 14:52 | INK | Moqui · wall_segment Palisade Wall x3 |
| 15:09 | INK | Moqui · wall_segment Palisade Wall x1 |
| 16:14 | Harzah · wall_segment Palisade Wall x1 |
| 16:45 | INK | Moqui · wall_segment Palisade Wall x1 |
| 17:58 | INK | Moqui · wall_segment Palisade Wall x14 |
| 20:50 | INK | Moqui · age_up castle |
| 21:30 | Harzah · age_up castle |
| 22:04 | INK | Moqui · first_building Siege Workshop |
| 22:21 | INK | Moqui · wall_segment Palisade Wall x1 |
| 24:24 | Harzah · first_building Monastery |
| 24:31 | Harzah · first_building Siege Workshop |
| 26:27 | INK | Moqui · first_building Monastery |
| 32:59 | INK | Moqui · first_market_sell 100 food |
| 36:28 | INK | Moqui · age_up imperial |
| 37:07 | INK | Moqui · first_building Castle |
| 38:05 | Harzah · first_market_buy 100 food |
| 39:17 | Harzah · resign |
[ AI ANALYSIS · 1 CREDIT ]
What really happened in this match?
Wolo.gg analyzes every decision: build order, eco, micro, common mistakes by bracket. Personalized analysis on WhatsApp or Discord in 30 seconds.
Civ guide
Sicilians
Perfil
Jugador #2539729